[Event "Titled Tuesday Blitz February 22 Early 2022"]
[White "Dwilewicz, Katarzyna"]
[Black "Zhu, Jiner"]
[WhiteFideId "1148486"]
[BlackFideId "8608059"]
[WhiteElo "1907"]
[BlackElo "2281"]
[Result "1/2-1/2"]
[Round "05"]
[TimeControl "180+1"]
[Date "2022.02.22"]
[WhiteClock "0:00:04"]
[BlackClock "0:00:17"]

1. e4 e5 2. Nf3 Nc6 3. Nc3 Nf6 4. d4 exd4 5. Nxd4 Bb4 6. Nxc6 bxc6 7. Bd3 O-O 8. O-O d5 9. exd5 cxd5 10. Bg5 c6 11. Qf3 Bd6 12. Rfe1 Rb8 13. b3 h6 14. Bxf6 Qxf6 15. Qxf6 gxf6 16. Ne2 c5 17. Rad1 Be6 18. Ng3 Rfe8 19. f3 Bf8 20. Bf1 a5 21. a4 f5 22. Bb5 Red8 23. Kf1 Bg7 24. Nh5 Bc3 25. Re2 Rb6 26. Nf4 Kg7 27. Rd3 d4 28. Rd1 Kf6 29. g3 Rbd6 30. Kf2 Bc8 31. Nd3 Bb4 32. Nxb4 axb4 33. Rde1 Be6 34. Re5 Rc8 35. R5e2 Rb6 36. f4 Rc7 37. Rd2 Rb8 38. h3 Ke7 39. Bc4 Kd6 40. Bxe6 fxe6 41. Rde2 Re8 42. g4 fxg4 43. hxg4 Rf7 44. Kg3 Rf6 45. f5 e5 46. Re4 Kd5 47. R1e2 Re7 48. Re1 Rc6 49. Kh4 Re8 50. Kh5 Rf6 51. R1e2 Kd6 52. Re1 Re7 53. R1e2 Kd5 54. Re1 Re8 55. R1e2 Rc6 56. Re1 Ra6 57. R1e2 Rc6 58. Re1 1/2-1/2


[Site "https://www.chess.com"]

[Event "Titled Tuesday Blitz February 22 Early 2022"]
[White "Elgersma, Onno"]
[Black "Shevtchenko, Olesya"]
[WhiteFideId "1053531"]
[BlackFideId "24131890"]
[WhiteElo "2304"]
[BlackElo "2003"]
[Result "0-1"]
[Round "05"]
[TimeControl "180+1"]
[Date "2022.02.22"]
[WhiteClock "0:00:31"]
[BlackClock "0:00:27"]

1. e4 c5 2. Nf3 Nc6 3. Bb5 e5 4. d3 Bd6 5. O-O a6 6. Bc4 b5 7. Bd5 Nge7 8. Bxc6 Nxc6 9. a4 Bb7 10. Nc3 b4 11. Nd5 Ne7 12. Ne3 O-O 13. Nc4 Qc7 14. a5 Ng6 15. Nxd6 Qxd6 16. Nd2 f5 17. Nc4 Qf6 18. f3 d5 19. exd5 Bxd5 20. Nb6 Rad8 21. Qe2 Bb7 22. Be3 Qc6 23. b3 Rfe8 24. Qf2 Nf4 25. Bxf4 exf4 26. Rae1 Qd6 27. Nc4 Qd4 28. Rxe8+ Rxe8 29. Qxd4 cxd4 30. Kf2 Bd5 31. Re1 Rxe1 32. Kxe1 Kf7 33. Nb6 Bc6 34. Nc4 Ke6 35. Ke2 Bd5 36. g3 fxg3 37. hxg3 g5 38. Kf2 h6 39. f4 Bxc4 40. dxc4 Kd6 41. Ke2 Kc5 42. Kd3 g4 43. Kd2 Kd6 44. Ke2 Kc6 45. Kd2 h5 46. Kd3 Kc5 47. Ke2 Kd6 48. Kd1 Kc5 49. Kd2 Kc6 50. Ke2 Kd6 51. Kf2 Kc6 52. Kg2 Kd6 53. Kf1 Kc5 54. Ke2 Kc6 55. Kd1 Kd6 56. Kc1 h4 0-1


[Site "https://www.chess.com"]

[Event "Titled Tuesday Blitz February 22 Early 2022"]
[White "Elissalt Cardenas, Hector"]
[Black "Van den Dikkenberg, Erik"]
[WhiteFideId "3500632"]
[BlackFideId "1005880"]
[WhiteElo "2159"]
[BlackElo "2118"]
[Result "1/2-1/2"]
[Round "05"]
[TimeControl "180+1"]
[Date "2022.02.22"]
[WhiteClock "0:00:14"]
[BlackClock "0:00:18"]

1. d3 c5 2. Nf3 Nf6 3. e4 d6 4. Be2 g6 5. b3 Bg7 6. Bb2 Bf8 7. O-O Bg7 8. Nbd2 O-O 9. Re1 Nc6 10. Bf1 e5 11. c3 Bd7 12. d4 cxd4 13. cxd4 Re8 14. Nc4 Bg4 15. dxe5 Bxf3 16. Qxf3 dxe5 17. Rad1 Nd4 18. Bxd4 exd4 19. e5 Nd7 20. Qxb7 Nxe5 21. Nxe5 Bxe5 22. Bc4 Re7 23. Qf3 Qd6 24. g3 Rae8 25. Kg2 Qf6 26. Re4 Qxf3+ 27. Kxf3 Kg7 28. Rde1 f5 29. R4e2 Bf6 30. Rxe7+ Rxe7 31. Rxe7+ Bxe7 32. Ke2 Bb4 33. Kd3 Bc3 34. f4 a5 35. h3 h6 36. g4 fxg4 37. hxg4 Kf6 38. Bd5 h5 39. gxh5 gxh5 40. Be4 h4 41. Ke2 Bb4 42. Kf3 Be1 43. Bd3 Bd2 44. Kg4 Be3 45. a3 Bd2 46. Be4 Bc1 47. a4 Bd2 48. Bd3 Bc1 49. Be4 Bd2 50. Bd3 Bc1 51. Be4 1/2-1/2


[Site "https://www.chess.com"]

[Event "Titled Tuesday Blitz February 22 Early 2022"]
[White "Erdogdu, Mert"]
[Black "Nur-Mukhametova, Alisa"]
[WhiteFideId "6301495"]
[BlackFideId "54117739"]
[WhiteElo "2485"]
[BlackElo "2015"]
[Result "1-0"]
[Round "05"]
[TimeControl "180+1"]
[Date "2022.02.22"]
[WhiteClock "0:00:32"]
[BlackClock "0:00:11"]

1. e4 c5 2. Nf3 e6 3. d4 cxd4 4. Nxd4 Nf6 5. Nc3 d6 6. g4 h6 7. h4 Nc6 8. Rg1 d5 9. exd5 Nxd5 10. Nxd5 exd5 11. Bb5 Bd7 12. Qe2+ Qe7 13. Be3 Nxd4 14. Bxd7+ Kxd7 15. Bxd4 Qxe2+ 16. Kxe2 Re8+ 17. Kd3 Rg8 18. h5 Bd6 19. Bxa7 Ra8 20. Bd4 f6 21. a3 b5 22. Rae1 Rgb8 23. Re2 b4 24. axb4 Rxb4 25. b3 Rc8 26. Ra1 Rc7 27. Ra5 Kc6 28. Re8 Kd7 29. Rg8 Ke6 30. Ra6 Rb5 31. Rd8 Rd7 32. Rxd7 Kxd7 33. Ra7+ Bc7 34. f4 Kc6 35. f5 Rb8 36. Be3 Re8 37. Ra4 Bd6 38. Ra6+ Kd7 39. Ra7+ Kc6 40. Rxg7 Re4 41. Bxh6 1-0


[Site "https://www.chess.com"]

[Event "Titled Tuesday Blitz February 22 Early 2022"]
[White "Escudero Donoso, Felipe"]
[Black "Khamzin, Olzhas"]
[WhiteFideId "3410595"]
[BlackFideId "13701690"]
[WhiteElo "2184"]
[BlackElo "2194"]
[Result "0-1"]
[Round "05"]
[TimeControl "180+1"]
[Date "2022.02.22"]
[WhiteClock "0:00:01"]
[BlackClock "0:00:37"]

1. Nf3 b6 2. g3 Bb7 3. Bg2 e6 4. c4 d6 5. O-O Nd7 6. Nc3 c5 7. d4 a6 8. d5 e5 9. e4 Ngf6 10. Ne1 g6 11. f4 Bg7 12. Nf3 exf4 13. gxf4 Nh5 14. Bd2 O-O 15. Qc2 Re8 16. Rae1 Ra7 17. Kh1 Qb8 18. a4 Bc8 19. Qd3 Ndf6 20. e5 dxe5 21. fxe5 Ng4 22. e6 fxe6 23. d6 Rd7 24. Ne4 Bb7 25. Nfg5 Bxe4 26. Nxe4 Bd4 27. Qf3 Ne5 28. Qh3 Nxc4 29. Bg5 Nxd6 30. Nf6+ Nxf6 31. Bxf6 Bxf6 32. Rxf6 Nf5 33. Bc6 Qd6 34. Bxd7 Qxd7 35. Qf3 Kg7 36. Rxf5 gxf5 37. Qg3+ Kh8 38. Qe5+ Qg7 39. Qd6 Rg8 40. Qc6 e5 41. Qd5 e4 42. Qd2 f4 43. Qf2 e3 44. Qf3 b5 45. axb5 axb5 46. Rd1 c4 47. Rc1 b4 48. Rf1 c3 49. bxc3 bxc3 50. Rc1 c2 51. Qe4 Qg1+ 52. Rxg1 Rxg1+ 53. Kxg1 c1=Q+ 54. Kg2 Qd2+ 55. Kh3 Qd7+ 56. Kg2 Qg4+ 57. Kf1 Qh3+ 58. Ke2 Qxh2+ 59. Kd3 Qd2+ 60. Kc4 Qa2+ 61. Kc3 Qa3+ 62. Kc2 Qc5+ 63. Kd1 Kg7 0-1


[Site "https://www.chess.com"]

[Event "Titled Tuesday Blitz February 22 Early 2022"]
[White "Eynullayev, Altay"]
[Black "Palu, Andres"]
[WhiteFideId "13413562"]
[BlackFideId "119288"]
[WhiteElo "2079"]
[BlackElo "2050"]
[Result "1/2-1/2"]
[Round "05"]
[TimeControl "180+1"]
[Date "2022.02.22"]
[WhiteClock "0:00:49"]
[BlackClock "0:00:38"]

1. e4 c5 2. Nf3 Nc6 3. Bb5 g6 4. Bxc6 bxc6 5. O-O Bg7 6. Re1 Nf6 7. h3 O-O 8. c3 d5 9. e5 Nd7 10. d4 cxd4 11. cxd4 c5 12. Be3 c4 13. Nc3 e6 14. b3 cxb3 15. axb3 Nb6 16. Qd2 Bd7 17. Bh6 Qe7 18. Bxg7 Kxg7 19. Ne2 Rfc8 20. Ng3 Rc7 21. h4 h5 22. Re3 Rac8 23. Ng5 Rc2 24. Qd1 f6 25. exf6+ Qxf6 26. Rf3 Qe7 27. Rf7+ Qxf7 28. Nxf7 Kxf7 29. Qf3+ Kg7 30. Qf4 Rf8 31. Qe5+ Kh7 32. Rxa7 Rfxf2 33. Rb7 Rxg2+ 34. Kf1 Rcf2+ 35. Ke1 Rb2 36. Kf1 Rbf2+ 37. Ke1 Rb2 38. Kf1 Rbf2+ 1/2-1/2


[Site "https://www.chess.com"]

[Event "Titled Tuesday Blitz February 22 Early 2022"]
[White "Eynullayev, Atilla"]
[Black "Baches Garcia, Guillermo"]
[WhiteFideId "13413570"]
[BlackFideId "2209764"]
[WhiteElo "1979"]
[BlackElo "2397"]
[Result "0-1"]
[Round "05"]
[TimeControl "180+1"]
[Date "2022.02.22"]
[WhiteClock "0:02:04"]
[BlackClock "0:00:54"]

1. e4 c5 2. Nf3 d6 3. d4 cxd4 4. Nxd4 Nf6 5. Nc3 Nc6 6. Bg5 e6 7. Bb5 Bd7 8. Qd3 h6 9. Bh4 a6 10. Bxc6 bxc6 11. O-O-O Be7 12. Nb3 d5 13. e5 Nh7 14. Bxe7 Qxe7 15. Qe3 O-O 16. f4 f6 17. Nc5 fxe5 18. Qxe5 Qxc5 19. Kb1 Nf6 20. Rhg1 Ng4 21. Qh5 Ne3 22. Rde1 Rxf4 23. Qe5 Raf8 24. Rxe3 Rf1+ 25. Rxf1 Rxf1+ 26. Re1 Qg1 0-1


[Site "https://www.chess.com"]

[Event "Titled Tuesday Blitz February 22 Early 2022"]
[White "Ezat, Mohamed"]
[Black "Tay, Junior"]
[WhiteFideId "10600906"]
[BlackFideId "5800439"]
[WhiteElo "2386"]
[BlackElo "2216"]
[Result "1-0"]
[Round "05"]
[TimeControl "180+1"]
[Date "2022.02.22"]
[WhiteClock "0:01:15"]
[BlackClock "0:00:32"]

1. d4 Nf6 2. Nf3 g6 3. Nbd2 Bg7 4. e4 d5 5. e5 Ne4 6. Bd3 Bf5 7. O-O O-O 8. Qe2 Nxd2 9. Bxd2 Bxd3 10. Qxd3 c5 11. e6 Nc6 12. exf7+ Rxf7 13. Ng5 Rf6 14. c3 e5 15. dxe5 Nxe5 16. Qe2 Nc4 17. Rae1 Qd7 18. b3 Nxd2 19. Qxd2 h6 20. Nf3 Rxf3 21. gxf3 d4 22. c4 Qh3 23. Qf4 Rf8 24. Qg3 Qh5 25. f4 g5 26. fxg5 Rf3 27. Re8+ Bf8 28. Qg2 hxg5 29. Rfe1 d3 30. R1e5 Rf5 31. Rxf8+ Kxf8 32. Rxf5+ 1-0


[Site "https://www.chess.com"]

[Event "Titled Tuesday Blitz February 22 Early 2022"]
[White "Fakhretdinova, Margarita"]
[Black "Redzisz, Michal"]
[WhiteFideId "24103667"]
[BlackFideId "21816107"]
[WhiteElo "2205"]
[BlackElo "1961"]
[Result "0-1"]
[Round "05"]
[TimeControl "180+1"]
[Date "2022.02.22"]
[WhiteClock "0:00:02"]
[BlackClock "0:01:39"]

1. Nf3 Nf6 2. g3 b6 3. Bg2 Bb7 4. O-O g6 5. d3 Bg7 6. Nbd2 O-O 7. c3 d6 8. e4 Nbd7 9. Qc2 e6 10. Re1 h6 11. a4 a6 12. Nf1 c5 13. h3 Rc8 14. Qb3 c4 15. dxc4 Nxe4 16. N1d2 Nxd2 17. Bxd2 Qc7 18. Be3 Qxc4 19. Qxc4 Rxc4 20. Nd2 Rc7 21. Bxb7 Rxb7 22. Nc4 d5 23. Nd2 Rc8 24. Nb3 Nc5 25. Nd4 Bxd4 26. Bxd4 Nb3 27. Rad1 Nxd4 28. Rxd4 Rbc7 29. Rb4 Rc6 30. a5 bxa5 31. Ra4 Rb8 32. Rxa5 Rxb2 33. Rxa6 Rxa6 0-1


[Site "https://www.chess.com"]

[Event "Titled Tuesday Blitz February 22 Early 2022"]
[White "Farmani Anosheh, Armin"]
[Black "Budrewicz, Krzysztof"]
[WhiteFideId "24613240"]
[BlackFideId "1127950"]
[WhiteElo "2289"]
[BlackElo "2248"]
[Result "1/2-1/2"]
[Round "05"]
[TimeControl "180+1"]
[Date "2022.02.22"]
[WhiteClock "0:00:02"]
[BlackClock "0:00:46"]

1. d4 Nf6 2. c4 g6 3. f3 Bg7 4. e4 d6 5. Nc3 O-O 6. Nge2 e5 7. Be3 Nc6 8. d5 Na5 9. b3 c5 10. g4 a6 11. Ng3 Bd7 12. h4 Rb8 13. h5 b5 14. Qd2 bxc4 15. bxc4 Bxg4 16. fxg4 Nxg4 17. Be2 Nxe3 18. Qxe3 Rb4 19. a3 Rb3 20. Qd2 Bf6 21. hxg6 fxg6 22. Qh6 Rf7 23. Bg4 Bg5 24. Qh3 Rxc3 25. Be6 Re3+ 26. Kd1 h6 27. Bxf7+ Kxf7 28. Qe6+ Kg7 29. Rg1 Nxc4 30. Rb1 Rd3+ 31. Ke1 Qa5+ 32. Kf1 Rf3+ 33. Kg2 Rf7 34. Kh1 Qc3 35. Rbf1 Rxf1 36. Rxf1 Bf4 37. Qe7+ Kg8 38. Qe8+ Kg7 39. Qe7+ Kh8 40. Qf8+ Kh7 41. Qf7+ Kh8 42. Qf8+ Kh7 43. Qf7+ Kh8 44. Qf8+ 1/2-1/2


[Site "https://www.chess.com"]

[Event "Titled Tuesday Blitz February 22 Early 2022"]
[White "Fecker, Noah"]
[Black "Jones, Gawain C B"]
[WhiteFideId "1334263"]
[BlackFideId "409561"]
[WhiteElo "2582"]
[BlackElo "2804"]
[Result "0-1"]
[Round "05"]
[TimeControl "180+1"]
[Date "2022.02.22"]
[WhiteClock "0:01:22"]
[BlackClock "0:01:47"]

1. e4 e5 2. Nf3 Nc6 3. Bb5 a6 4. Ba4 Nf6 5. O-O d6 6. Re1 Bd7 7. c3 g6 8. d4 Bg7 9. Nbd2 O-O 10. Nf1 Nh5 11. Bb3 Bg4 12. d5 Ne7 13. h3 Bd7 14. g4 Nf4 15. Bxf4 exf4 16. Qd2 Kh8 17. Qxf4 f5 18. gxf5 gxf5 19. e5 Ng6 20. Qd2 dxe5 21. d6 Bc6 22. dxc7 Qf6 23. N1h2 Nf4 24. Rad1 Qg6+ 0-1


[Site "https://www.chess.com"]

[Event "Titled Tuesday Blitz February 22 Early 2022"]
[White "Federzoni, Enzo"]
[Black "Barp, Alberto"]
[WhiteFideId "2173301"]
[BlackFideId "872555"]
[WhiteElo "1956"]
[BlackElo "2229"]
[Result "0-1"]
[Round "05"]
[TimeControl "180+1"]
[Date "2022.02.22"]
[WhiteClock "0:00:28"]
[BlackClock "0:00:13"]

1. c4 c5 2. Nf3 Nc6 3. d4 cxd4 4. Nxd4 e5 5. Nb5 d6 6. g3 Be6 7. b3 Nf6 8. Bg2 Be7 9. Ba3 Qa5+ 10. Qd2 Qxd2+ 11. Nxd2 O-O-O 12. O-O-O Ng4 13. Ne4 d5 14. Bxe7 Nxe7 15. cxd5 Rxd5 16. Ned6+ Kb8 17. Bxd5 Bxd5 18. Rhf1 Nxh2 19. Rfe1 Ng4 20. f3 Nf6 21. e4 Be6 22. Kb2 a6 23. Na3 Nc6 24. Nac4 h5 25. Ne3 h4 26. gxh4 Rxh4 27. Nd5 Bxd5 28. exd5 Ne7 29. Nxf7 Rh2+ 30. Ka3 Nexd5 31. Rxe5 Nc3 32. Ra1 Nfd5 33. Ng5 Nb5+ 34. Ka4 Nbc3+ 35. Ka3 Nb5+ 36. Ka4 Nbc3+ 37. Ka5 Ka7 38. Rxd5 Nxd5 39. Ne4 Rh5 40. Ka4 Rf5 41. Rg1 Rxf3 42. Ka3 Rf4 43. Nc5 Rf7 44. Ne6 Rf2 45. Rxg7 Nc3 46. Kb4 Nxa2+ 47. Kc4 Rc2+ 48. Kd4 Nb4 49. Nc5 Nc6+ 50. Kd5 Nb4+ 51. Kd4 Nc6+ 52. Kd5 Rd2+ 53. Ke4 Rd4+ 54. Ke3 Rb4 55. Kd3 Rb5 56. Kc4 Na5+ 57. Kd4 Nxb3+ 58. Nxb3 Rxb3 59. Kc4 Rb5 60. Rf7 Rb6 61. Rg7 Rc6+ 62. Kb4 Kb6 63. Rg8 Rf6 64. Rg4 a5+ 65. Ka4 Ka6 66. Rh4 b5+ 67. Ka3 Rc6 68. Rg4 Kb6 69. Rh4 Rd6 70. Rg4 Kc5 71. Rg5+ Rd5 72. Rg8 Rd3+ 73. Ka2 Kc4 74. Rg2 Kb4 75. Rg4+ Kc5 76. Rg5+ Rd5 77. Rg4 a4 78. Ka3 Rd3+ 79. Ka2 b4 80. Rg5+ Kc4 81. Rg2 Kc3 82. Rh2 Rd1 83. Rc2+ Kd3 84. Rh2 Rd2+ 85. Ka1 0-1


[Site "https://www.chess.com"]

[Event "Titled Tuesday Blitz February 22 Early 2022"]
[White "Fedoseev, Vladimir"]
[Black "Tasev, Dejan"]
[WhiteFideId "24130737"]
[BlackFideId "936618"]
[WhiteElo "2726"]
[BlackElo "2253"]
[Result "1-0"]
[Round "05"]
[TimeControl "180+1"]
[Date "2022.02.22"]
[WhiteClock "0:02:06"]
[BlackClock "0:00:30"]

1. e4 c5 2. Nf3 Nc6 3. d4 cxd4 4. Nxd4 Nf6 5. Nc3 d6 6. Bg5 e6 7. Qd2 Be7 8. O-O-O a6 9. f4 h6 10. Bh4 Nxd4 11. Qxd4 Bd7 12. g4 g5 13. fxg5 e5 14. gxf6 exd4 15. fxe7 Qa5 16. Rxd4 Rg8 17. Nd5 Rg6 18. Bc4 Rc8 19. Rf1 Be6 20. Bb3 Qb5 21. Ba4 Qxa4 22. Rxa4 Bxd5 23. exd5 1-0


[Site "https://www.chess.com"]

[Event "Titled Tuesday Blitz February 22 Early 2022"]
[White "Freitag, Manfred"]
[Black "Unat, Can Haktan"]
[WhiteFideId "1602004"]
[BlackFideId "6398073"]
[WhiteElo "2275"]
[BlackElo "1980"]
[Result "0-1"]
[Round "05"]
[TimeControl "180+1"]
[Date "2022.02.22"]
[WhiteClock "0:00:09"]
[BlackClock "0:00:08"]

1. e4 c5 2. Nf3 e6 3. d4 cxd4 4. Nxd4 Nf6 5. Nc3 Nc6 6. Nxc6 bxc6 7. e5 Nd5 8. Ne4 Qc7 9. f4 Rb8 10. a3 Qb6 11. Bd3 Ba6 12. c4 Ne3 13. Qe2 Nf5 14. b4 Nd4 15. Qf2 c5 16. Be3 f5 17. exf6 gxf6 18. Nxf6+ Kd8 19. O-O Bb7 20. Rab1 Qc6 21. Ne4 Rg8 22. bxc5 Nf5 23. Rb5 Nxe3 24. Qxe3 a6 25. Rb6 Bxc5 26. Qxc5 Rxg2+ 27. Kxg2 Qxc5 28. Rxb7 Qc8 29. Rxb8 Qxb8 30. Kf3 Qb3 31. Ke3 Qxa3 32. Rb1 a5 33. Rb5 Qa1 34. c5 Qg1+ 35. Kd2 Qxh2+ 36. Kc3 a4 37. Nd6 Qa2 38. Bc4 Qa1+ 39. Kb4 Qe1+ 40. Kxa4 Qa1+ 41. Kb4 Qb1+ 42. Ka4 Qa1+ 43. Kb4 Qb2+ 44. Bb3 Qd2+ 45. Ka4 Qxf4+ 46. Ka5 Qd2+ 47. Kb6 Ke7 48. Kc7 Qd4 49. Bc4 Qc3 50. Rb8 Qa5+ 51. Rb6 Qxc5+ 52. Kb7 Qxd6 53. Rxd6 Kxd6 54. Kb6 Ke5 55. Kc7 d5 56. Bd3 h5 57. Kc6 h4 58. Bf1 Kd4 59. Kd6 e5 60. Ke6 e4 61. Kf5 Ke3 62. Kg4 Kf2 63. Bb5 d4 64. Kxh4 d3 65. Kg4 d2 66. Ba4 e3 67. Kf4 e2 68. Ke4 e1=Q+ 69. Kd3 d1=Q+ 0-1


[Site "https://www.chess.com"]

[Event "Titled Tuesday Blitz February 22 Early 2022"]
[White "Gabdrakhmanov, Azat"]
[Black "Tomiello, Mateus Costamilan"]
[WhiteFideId "34189197"]
[BlackFideId "22701958"]
[WhiteElo "2279"]
[BlackElo "1975"]
[Result "1-0"]
[Round "05"]
[TimeControl "180+1"]
[Date "2022.02.22"]
[WhiteClock "0:00:32"]
[BlackClock "0:00:10"]

1. e4 e5 2. Nf3 Nc6 3. Bb5 Nf6 4. d3 Ne7 5. O-O c6 6. Ba4 Ng6 7. c3 Be7 8. Nbd2 O-O 9. Re1 d6 10. Nf1 a5 11. Ng3 Re8 12. h3 h6 13. d4 Bf8 14. a3 Be6 15. d5 Bd7 16. dxc6 bxc6 17. Bb3 Rb8 18. Ba2 c5 19. Nd2 Be6 20. Bxe6 fxe6 21. Nc4 Nf4 22. Bxf4 exf4 23. Nh5 Nxh5 24. Qxh5 a4 25. Rad1 Qg5 26. Qf3 Red8 27. Re2 d5 28. exd5 exd5 29. Ne5 d4 30. Nc6 Rbc8 31. Nxd8 Rxd8 32. Red2 Rb8 33. cxd4 cxd4 34. Rxd4 Rxb2 35. Rxf4 Bc5 36. Qa8+ Kh7 37. Qe4+ Kh8 38. Kh1 Rxf2 39. Rxf2 Bxf2 40. Qxa4 Qe5 41. Qa8+ Kh7 42. Qd5 Qe2 43. Qd3+ Qxd3 44. Rxd3 Kg6 45. Rd6+ Kf5 46. Rd7 Kf6 47. g4 Bc5 48. a4 g6 49. Kg2 h5 50. gxh5 gxh5 51. Rd5 Bg1 1-0


[Site "https://www.chess.com"]

[Event "Titled Tuesday Blitz February 22 Early 2022"]
[White "Gabrielian, Artur"]
[Black "Volkov, Maksim"]
[WhiteFideId "4131002"]
[BlackFideId "54123070"]
[WhiteElo "2440"]
[BlackElo "2081"]
[Result "1-0"]
[Round "05"]
[TimeControl "180+1"]
[Date "2022.02.22"]
[WhiteClock "0:00:17"]
[BlackClock "0:00:09"]

1. e4 c5 2. Nc3 d6 3. d4 cxd4 4. Qxd4 Nf6 5. b3 Nc6 6. Qd2 g6 7. Bb2 Bg7 8. O-O-O O-O 9. f3 h5 10. Kb1 a5 11. a4 Nd7 12. Nge2 Nc5 13. Nf4 Bh6 14. Ncd5 e5 15. Qc3 Bd7 16. Bc4 Kh7 17. Nd3 Ne6 18. f4 Bg7 19. fxe5 dxe5 20. Rhf1 Ned4 21. h3 Be6 22. g4 h4 23. Qe1 Qg5 24. c3 Bxd5 25. exd5 f5 26. cxd4 Nxd4 27. Nxe5 fxg4 28. Bxd4 Rxf1 29. Qxf1 Bxe5 30. Bxe5 Qxe5 31. hxg4 Re8 32. Qd3 Kh6 33. d6 Rd8 34. d7 Kg7 35. Qd5 Qxd5 36. Rxd5 h3 37. Rd3 h2 38. Rh3 Rxd7 39. Rxh2 Rd1+ 40. Kc2 Rg1 41. Rd2 Rxg4 42. Rd7+ Kh6 43. Rxb7 Rg2+ 44. Kc3 Rg3+ 45. Kd4 Kh5 46. Rb5+ Kh4 47. Rxa5 g5 48. Ra8 Rg1 49. Rh8+ Kg3 50. Rg8 g4 51. a5 Kh3 52. Be6 Kh4 53. Rxg4+ 1-0


[Site "https://www.chess.com"]

[Event "Titled Tuesday Blitz February 22 Early 2022"]
[White "Galyas, Miklos"]
[Black "Yeletsky, Ivan"]
[WhiteFideId "707244"]
[BlackFideId "24180327"]
[WhiteElo "2409"]
[BlackElo "2348"]
[Result "1-0"]
[Round "05"]
[TimeControl "180+1"]
[Date "2022.02.22"]
[WhiteClock "0:00:07"]
[BlackClock "0:00:03"]

1. c4 g6 2. g3 Bg7 3. Bg2 d6 4. Nc3 e5 5. e4 Nc6 6. Nge2 h5 7. h3 h4 8. g4 f5 9. gxf5 gxf5 10. d3 f4 11. Nd5 Be6 12. Bd2 Qd7 13. Qb3 O-O-O 14. O-O-O Nf6 15. Kb1 Rdf8 16. Bc3 Nh7 17. f3 Ng5 18. d4 exd4 19. Nxd4 Nxd4 20. Bxd4 Bxd4 21. Rxd4 Bxh3 22. Bxh3 Nxh3 23. c5 Ng5 24. Rc4 c6 25. cxd6 Qxd6 26. Rhc1 Rh6 27. Rb4 Rf7 28. Qa3 a6 29. Nb6+ Kb8 30. Nc4 Qe7 31. Na5 h3 32. Rxb7+ Qxb7 33. Nxb7 h2 34. Rh1 Kxb7 35. Qb3+ Kc7 36. Qc3 Ne6 37. Qd2 Rfh7 38. e5 c5 39. Qd6+ Kb7 40. Qd5+ Kb6 41. a4 a5 42. Qd3 Nd4 43. Qe4 Rh3 44. Qxf4 Re7 45. Qf6+ Re6 46. Qf7 Rxf3 47. Qd7 Rf2 48. Qc8 Rg2 49. Qb8+ Kc6 50. Qa8+ Kc7 51. Qxg2 Rxe5 52. Qxh2 Nc6 53. Re1 Kd6 54. Rxe5 Nxe5 55. Qd2+ Kc6 56. Qxa5 Nd3 57. Qb5+ 1-0


[Site "https://www.chess.com"]

[Event "Titled Tuesday Blitz February 22 Early 2022"]
[White "Garagulya, Konstantin"]
[Black "Pultinevicius, Paulius"]
[WhiteFideId "4128931"]
[BlackFideId "12809390"]
[WhiteElo "2329"]
[BlackElo "2413"]
[Result "0-1"]
[Round "05"]
[TimeControl "180+1"]
[Date "2022.02.22"]
[WhiteClock "0:00:03"]
[BlackClock "0:00:12"]

1. d4 Nf6 2. Nf3 e6 3. Bg5 h6 4. Bh4 d5 5. Nbd2 c5 6. e3 Nc6 7. c3 Bd6 8. Bd3 O-O 9. O-O e5 10. dxc5 Bxc5 11. e4 dxe4 12. Nxe4 Be7 13. h3 Nxe4 14. Bxe7 Nxf2 15. Bh7+ Kxh7 16. Qxd8 Rxd8 17. Bxd8 Nd3 18. Bc7 Be6 19. b3 Rc8 20. Bd6 f6 21. Rad1 Nf4 22. Ba3 Ne2+ 23. Kf2 Nxc3 24. Rd2 Ne4+ 25. Ke3 Nxd2 26. Nxd2 Nd4 27. Bb2 Nc2+ 28. Ke2 Nb4 29. a3 Rc2 30. Rb1 Nd5 31. Kd1 Ne3+ 32. Ke2 Nxg2 33. Ba1 Bxh3 34. Rg1 Nf4+ 35. Kd1 Ra2 36. Bxe5 fxe5 37. Rg3 Bf5 38. Nf3 Ne2 39. Ng5+ hxg5 40. Rxg5 Nc3+ 41. Ke1 Re2+ 42. Kf1 Bh3+ 43. Kg1 Rg2+ 44. Rxg2 Bxg2 0-1


[Site "https://www.chess.com"]

[Event "Titled Tuesday Blitz February 22 Early 2022"]
[White "Gelman, Alexander"]
[Black "Piesik, Piotr"]
[WhiteFideId "4118316"]
[BlackFideId "1136194"]
[WhiteElo "2375"]
[BlackElo "2232"]
[Result "1/2-1/2"]
[Round "05"]
[TimeControl "180+1"]
[Date "2022.02.22"]
[WhiteClock "0:00:02"]
[BlackClock "0:00:14"]

1. d4 c5 2. d5 e5 3. Nc3 d6 4. e4 Be7 5. Nf3 a6 6. a4 Bg4 7. h3 Bxf3 8. Qxf3 Bg5 9. Bxg5 Qxg5 10. h4 Qf6 11. Qe2 Ne7 12. g3 O-O 13. Bh3 Qh6 14. O-O f5 15. exf5 Nxf5 16. Bxf5 Rxf5 17. Ne4 Nd7 18. Ng5 Qg6 19. Ra3 h6 20. Ne6 Nf8 21. Rb3 Nxe6 22. dxe6 Qxe6 23. Rxb7 d5 24. c4 d4 25. Qg4 g6 26. h5 g5 27. a5 Raf8 28. Rb6 Qxc4 29. Rxh6 Qc2 30. Rg6+ Kh8 31. Rh6+ Kg7 32. Rg6+ Kh7 33. Rxg5 Rxf2 34. Qd7+ R8f7 35. Qxf7+ Rxf7 36. Rxf7+ Kh6 37. Rgf5 d3 38. R7f6+ Kh7 39. Rf8 Qd1+ 40. Kg2 Qe2+ 41. Kh3 d2 42. R5f7+ Kh6 43. Rh8+ Kg5 44. Rg8+ Kh6 45. Rh8+ Kg5 46. Rg8+ Kh6 47. Rh8+ 1/2-1/2


[Site "https://www.chess.com"]

[Event "Titled Tuesday Blitz February 22 Early 2022"]
[White "Goldin, Roman"]
[Black "Brunner, Nicolas"]
[WhiteFideId "2803860"]
[BlackFideId "620246"]
[WhiteElo "2312"]
[BlackElo "2372"]
[Result "1/2-1/2"]
[Round "05"]
[TimeControl "180+1"]
[Date "2022.02.22"]
[WhiteClock "0:00:06"]
[BlackClock "0:00:11"]

1. Nf3 c5 2. e4 e6 3. c3 d5 4. exd5 Qxd5 5. d4 Nf6 6. Be2 cxd4 7. cxd4 Be7 8. Nc3 Qd6 9. O-O O-O 10. Be3 Nc6 11. a3 b6 12. b4 Bb7 13. Qb3 Rac8 14. Rfd1 Nd5 15. Nxd5 exd5 16. g3 Bf6 17. Bf4 Qd7 18. Ne5 Bxe5 19. dxe5 d4 20. Bc4 Nxe5 21. Bxe5 Qc6 22. Bd5 Qxd5 23. Qxd5 Bxd5 24. Rxd4 Be6 25. Rad1 f6 26. Bd6 Rfd8 27. Kg2 Kf7 28. a4 Bb3 29. R1d3 Bxa4 30. Ra3 Bc6+ 31. f3 Rd7 32. Rad3 Rcd8 33. Kf2 a5 34. bxa5 bxa5 35. Ke3 Ke6 36. Bc5 Rxd4 37. Rxd4 Rxd4 38. Bxd4 Kd5 39. g4 Kc4 40. h4 Kb3 41. h5 Be8 42. f4 Bd7 43. g5 fxg5 44. fxg5 g6 45. h6 Kc4 46. Bb2 Bf5 47. Kd2 a4 48. Kc1 Kb3 49. Bf6 a3 50. Be5 a2 51. Bf6 Be4 52. Be5 Bf5 53. Bf6 Be4 54. Be5 Bf5 1/2-1/2


[Site "https://www.chess.com"]

[Event "Titled Tuesday Blitz February 22 Early 2022"]
[White "Golizadeh, Asghar"]
[Black "Dziththauly, Ramadhan"]
[WhiteFideId "12505269"]
[BlackFideId "7105525"]
[WhiteElo "2403"]
[BlackElo "2583"]
[Result "1/2-1/2"]
[Round "05"]
[TimeControl "180+1"]
[Date "2022.02.22"]
[WhiteClock "0:00:20"]
[BlackClock "0:00:09"]

1. e4 c5 2. Nf3 d6 3. Bb5+ Bd7 4. Bxd7+ Nxd7 5. O-O Ngf6 6. Re1 g6 7. c3 Bg7 8. d4 cxd4 9. cxd4 Rc8 10. Nc3 O-O 11. h3 a6 12. Bf4 b5 13. a3 Nb6 14. Rc1 Nc4 15. Qe2 Qa5 16. e5 dxe5 17. Nxe5 e6 18. Bg5 Nxe5 19. dxe5 Nd7 20. Be7 Rfe8 21. Bd6 f6 22. exf6 Nxf6 23. Rcd1 Qb6 24. Be5 Rcd8 25. Qf3 Rf8 26. Rxd8 Qxd8 27. Qc6 Qc8 28. Qb6 Nd5 29. Nxd5 exd5 30. Bxg7 Kxg7 31. Qd4+ Kh6 32. Qh4+ Kg7 33. Re7+ Rf7 34. Rxf7+ Kxf7 35. Qxh7+ Kf6 36. Qh4+ Kf7 37. Qf4+ Kg8 38. Qd6 Qc1+ 39. Kh2 Qxb2 40. Qxg6+ Kf8 41. Qd6+ Kg7 42. Qe7+ Kg8 43. f4 Qd4 44. Qg5+ Kf7 45. Qf5+ Kg8 46. Kg3 Qe3+ 47. Kh4 Qxa3 48. Qxd5+ Kg7 49. Qd7+ Kf6 50. Qc6+ Kf7 51. g4 Qe7+ 52. g5 Qe1+ 53. Kg4 Qe2+ 54. Kf5 Qd3+ 55. Qe4 Qd7+ 56. Ke5 Qxh3 57. Kd4 Qd7+ 58. Ke3 Qe6 59. f5 Qxe4+ 60. Kxe4 a5 61. Kd4 a4 62. Kc3 a3 63. Kb3 b4 64. Ka2 Kg7 65. Kb3 Kf7 66. Kc2 Kg7 67. g6 Kf6 68. Kb3 Kg7 69. Ka2 Kf6 70. Kb1 Kg7 71. Ka1 b3 72. Kb1 Kf6 73. Kc1 Kg7 74. Kb1 Kf6 75. Ka1 Kg7 76. Kb1 1/2-1/2


[Site "https://www.chess.com"]